 Dungeon Crawl Stone Soup version 0.28.0-62-gf88900778d (webtiles) character file.

Game seed: 7524645038510302154

18724 cbfl8 the Severer (level 12, -24/165 HPs)
             Began as a Minotaur Berserker on Mar 9, 2023.
             Was a High Priest of Trog.
             Annihilated by a titanic slime creature (43 damage)
             ... on level 12 of the Dungeon.
             The game lasted 00:19:05 (14763 turns).

cbfl8 the Severer (Minotaur Berserker)             Turns: 14763, Time: 00:19:06

Health: -24/165    AC: 16    Str: 22    XL:     12   Next: 30%
Magic:  11/11      EV:  8    Int:  4    God:    Trog [*****.]
Gold:   135        SH: 11    Dex: 15    Spells: 11/11 levels left

rFire   + . .      SeeInvis .   B - +1 war axe (elec)
rCold   + . .      Faith    .   t - +0 kite shield
rNeg    + . .      Spirit   .   s - +0 plate armour "Zuemeseall" {*Corrode +Blink rC+ Will+}
rPois   .          Reflect  .   (helmet restricted)
rElec   .          Harm     .   f - scarf {repulsion}
rCorr   .          Rampage  .   (no gloves)
Will    +....                   w - +0 pair of boots
Stlth   ..........              m - amulet "Fedasen" {Acrobat Regen+}
HPRegen 1.17/turn               d - ring of positive energy
MPRegen 0.12/turn               I - ring of protection from fire

@: berserking, repel missiles, unable to read, very quick
A: horns 2, retaliatory headbutt, talons 1, inability to read while threatened
a: Renounce Religion, Evoke Blink, Berserk, Trog's Hand, Brothers in Arms


You were on level 12 of the Dungeon.
You worshipped Trog.
Trog was extremely pleased with you.
You visited 1 branch of the dungeon, and saw 12 of its levels.
You also visited: Ice Cave.

You collected 869 gold pieces.
You spent 734 gold pieces at shops.

Inventory:

Hand Weapons
 k - a +0 war axe of venom
 B - a +1 war axe of electrocution (weapon)
Armour
 f - a scarf of repulsion (worn)
 s - the +0 plate armour "Zuemeseall" (worn) {*Corrode +Blink rC+ Will+}
   (You bought it in a shop on level 8 of the Dungeon)

   rC:        It protects you from cold.
   +Blink:    It lets you blink.
   *Corrode:  It may corrode you when you take damage.
   Will:      It increases your willpower.
 t - a +0 kite shield (worn)
 w - a +0 pair of boots (worn)
 C - +0 ice dragon scales
Jewellery
 d - a ring of positive energy (left hand)
 m - the amulet "Fedasen" (around neck) {Acrobat Regen+}
   (You found it on level 9 of the Dungeon)

   [amulet of the acrobat]

   It increases your evasion while moving and waiting.
   Regen:     It increases your rate of health regeneration.
 G - an amulet of reflection
 I - a ring of protection from fire (right hand)
Wands
 h - a wand of flame (21)
 q - a wand of iceblast (7) (quivered)
 v - a wand of digging (8)
 E - a wand of charming (6)
 H - a wand of mindburst (9)
Scrolls
 e - 3 scrolls of fog
 j - a scroll of silence
 n - 2 scrolls of noise
 o - 3 scrolls of teleportation
 r - a scroll of brand weapon
 u - a scroll of acquirement
 y - a scroll of fear
 F - a scroll of blinking {unknown}
 J - a scroll of identify
Potions
 a - a potion of magic {unknown}
 c - 2 potions of resistance {unknown}
 g - a potion of berserk rage
 i - 2 potions of flight
 l - a potion of curing
 p - 4 potions of attraction
 x - 2 potions of heal wounds {unknown}
 z - 7 potions of ambrosia
Miscellaneous
 b - a box of beasts
 A - a lightning rod (4/4)
 D - a condenser vane


   Skills:
 + Level 11.3 Fighting
 + Level 15.4 Axes
 + Level 11.5 Armour
 + Level 5.1 Dodging
 + Level 2.2 Stealth
 + Level 9.5 Shields
 + Level 0.1 Evocations


You had 11 spell levels left.
You didn't know any spells.
Your spell library was empty.

Dungeon Overview and Level Annotations

Branches:
Dungeon (12/15)            Temple (0/1) D:4            Lair (0/6) D:10
    Orc (0/2) D:12          IceCv (visited)

Altars:
Dithmenos
Beogh

Shops:
D:5 *   D:6 !   D:8 [   D:9 !

Annotations:
D:5 2 transporters, Diggabert's ghost, novice VSGl


Innate Abilities, Weirdness & Mutations

You have a pair of horns on your head.
You reflexively headbutt those who attack you in melee.
You have sharp toenails.
You sometimes lose the ability to read scrolls when taking damage.


Message History

Unknown command.
You slash the titanic slime creature!
The titanic slime creature is heavily wounded.
Unknown command.
Unknown command.
You slice the titanic slime creature!!
Lightning courses through the titanic slime creature!!
The titanic slime creature is severely wounded.
A red film seems to cover your vision as you go berserk!
You feel yourself moving faster!
You feel mighty! The titanic slime creature hits you!!!
You feel threatened and lose the ability to read scrolls!
You slice the titanic slime creature!!
Lightning courses through the titanic slime creature!
You headbutt the titanic slime creature.
The titanic slime creature is severely wounded.
You block the titanic slime creature's attack.
You hit the titanic slime creature.
You headbutt the titanic slime creature!
The titanic slime creature is severely wounded.
You can read scrolls again.
You barely miss the titanic slime creature.
You headbutt the titanic slime creature!
The titanic slime creature is severely wounded.
The titanic slime creature hits you!!!!
You feel threatened and lose the ability to read scrolls!
* * * LOW HITPOINT WARNING * * *
You slice the titanic slime creature!!
Lightning courses through the titanic slime creature!!
You headbutt the titanic slime creature.
The titanic slime creature is almost dead.
You barely miss the titanic slime creature.
You headbutt the titanic slime creature!
The titanic slime creature is almost dead.
The titanic slime creature hits you!
* * * LOW HITPOINT WARNING * * *
You completely miss the titanic slime creature.
The titanic slime creature is almost dead.
The titanic slime creature hits you!!!
You die...

#### ..# # #.#
..###.#####.####
......J@..)....####
#..##.#####.......#
#.#####..#.##.#
#........#.#
########<..# #..##
#..# #... ##.##


You could see a titanic slime creature.

Vanquished Creatures
  An ice dragon (D:11)
  A boulder beetle (D:11)
  A two-headed ogre (D:11)
  A deep elf pyromancer (D:12)
  3 ugly things
  3 ice statues (IceCv)
  A gargoyle (D:11)
  A freezing wraith (IceCv)
  A komodo dragon (D:10)
  An anaconda simulacrum (IceCv)
  An entropy weaver simulacrum (IceCv)
  3 polar bears (D:11)
  A queen bee (D:9)
  Grinder (D:6)
  A shadow (D:12)
  2 wyverns
  A wraith (D:12)
  25 yaks
  2 steam dragons (D:6)
  Menkaure (D:7)
  2 death yak simulacra (IceCv)
  Duvessa (D:4)
  A two-headed ogre zombie (D:12)
  5 water moccasins
  4 orc warriors
  2 sky beasts
  A necrophage (D:7)
  2 black bears (D:10)
  3 wolves (D:11)
  4 ogres
  2 centaurs
  5 phantoms
  A bullfrog (D:10)
  5 scorpions
  2 water moccasin zombies
  2 water moccasin skeletons
  2 wyvern skeletons (D:6)
  Dowan (D:4)
  2 troll zombies (D:12)
  An elephant simulacrum (IceCv)
  39 killer bees
  3 wights (D:7)
  A howler monkey (D:5)
  8 centaur zombies
  2 centaur skeletons (D:6)
  A hound (D:4)
  A jelly (D:7)
  Crazy Yiuf (D:3)
  5 orc priests
  A bullfrog skeleton (D:5)
  A gnoll shaman (D:7)
  Ijyb (D:4)
  2 iguanas (D:6)
  5 orc wizards
  A killer bee zombie (D:5)
  2 polar bear simulacra (IceCv)
  5 ogre zombies (D:12)
  A hound skeleton (D:4)
  A howler monkey zombie (D:6)
  6 adders
  4 gnolls (D:7)
  A shadow imp (D:7)
  A worm (D:4)
  A dart slug (D:2)
  31 orcs
  6 ball pythons
  5 endoplasms
  5 giant cockroaches
  6 hobgoblins
  5 jackals
  9 kobolds
  5 quokkas
  4 bats
  3 frilled lizards
  6 goblins
  2 goblin skeletons (D:12)
  2 goblin zombies (D:12)
  A hobgoblin skeleton (D:12)
  A hobgoblin zombie (D:12)
  4 orc skeletons (D:12)
  15 orc zombies (D:12)
  3 rats
307 creatures vanquished.

Vanquished Creatures (others)
  13 fungi (D:10)
  16 plants (D:10)
29 creatures vanquished.

Grand Total: 336 creatures vanquished

Notes
Turn   | Place    | Note
-------+----------+-------------------------------------------
     0 | D:1      | cbfl8 the Minotaur Berserker began the quest for the Orb.
     0 | D:1      | Reached XP level 1. HP: 19/19 MP: 0/0
   159 | D:1      | Reached XP level 2. HP: 27/27 MP: 1/1
   166 | D:1      | Reached skill level 4 in Axes
   669 | D:1      | Reached ** piety under Trog
   805 | D:2      | Noticed a phantom
   817 | D:2      | Killed a phantom
   818 | D:2      | Reached XP level 3. HP: 34/34 MP: 2/2
   818 | D:2      | Reached XP level 4. HP: 41/41 MP: 3/3
   923 | D:2      | Reached skill level 5 in Axes
  1509 | D:2      | Reached XP level 5. HP: 47/47 MP: 4/4
  1510 | D:2      | Reached skill level 5 in Fighting
  1692 | D:2      | Found a faded altar of an unknown god.
  2544 | D:3      | Reached skill level 1 in Stealth
  2739 | D:3      | Found a shadowy altar of Dithmenos.
  2826 | D:3      | Found a runed translucent door.
  2827 | D:3      | Noticed Crazy Yiuf
  2999 | D:3      | Killed Crazy Yiuf
  3000 | D:3      | Reached XP level 6. HP: 56/56 MP: 5/5
  3199 | D:4      | Noticed Ijyb
  3207 | D:4      | Killed Ijyb
  3373 | D:4      | Reached skill level 6 in Axes
  3677 | D:4      | Found a staircase to the Ecumenical Temple.
  3737 | D:4      | Noticed Dowan
  3738 | D:4      | Noticed Duvessa
  3751 | D:4      | Killed Duvessa
  3752 | D:4      | Reached XP level 7. HP: 51/62 MP: 6/6
  3760 | D:4      | Killed Dowan
  3760 | D:4      | Reached *** piety under Trog
  4560 | D:4      | Reached skill level 7 in Axes
  5050 | D:5      | Entered Level 5 of the Dungeon
  5057 | D:5      | Reached skill level 5 in Armour
  5195 | D:5      | Reached skill level 8 in Axes
  5195 | D:5      | Reached XP level 8. HP: 71/71 MP: 7/7
  5312 | D:5      | Found a transporter.
  5323 | D:5      | Found a transporter.
  5327 | D:5      | Noticed Diggabert's ghost (novice VSGl)
  5394 | D:5      | Found Mihexz Wuram's Assorted Antiques.
  5868 | D:6      | Found Zael's Distillery.
  5876 | D:6      | Bought a potion of curing for 42 gold pieces
  6242 | D:6      | Reached skill level 9 in Axes
  6271 | D:6      | Reached skill level 1 in Shields
  6821 | D:6      | Reached XP level 9. HP: 66/79 MP: 8/8
  6968 | D:6      | Noticed Grinder
  6968 | D:6      | Paralysed by Grinder for 6 turns
  6980 | D:6      | Killed Grinder
  7413 | D:7      | Gained mutation: Potions are less effective at restoring
                  | your health. [potion of mutation]
  7413 | D:7      | Gained mutation: You are resistant to electric shocks.
                  | (rElec) [potion of mutation]
  7413 | D:7      | Gained mutation: Your body sometimes deteriorates upon
                  | taking damage. [potion of mutation]
  7433 | D:7      | Reached skill level 10 in Axes
  7458 | D:8      | Found Huufreel's Antique Armour Emporium.
  7885 | D:7      | Noticed Menkaure
  7893 | D:7      | Killed Menkaure
  8827 | D:7      | Reached skill level 5 in Shields
  8836 | D:7      | Reached **** piety under Trog
  9072 | D:8      | Reached skill level 11 in Axes
  9544 | D:8      | Reached XP level 10. HP: 87/90 MP: 9/9
 10082 | D:9      | Found Paiczim's Distillery.
 10092 | D:9      | Identified the amulet "Fedasen" {Acrobat Regen+}
 10374 | D:9      | Reached skill level 12 in Axes
 11263 | D:9      | Reached skill level 10 in Armour
 11267 | D:9      | Reached skill level 13 in Axes
 11277 | D:9      | Reached XP level 11. HP: 33/97 MP: 10/10
 11285 | D:9      | HP: 4/97 [poisoned by a killer bee]
 11809 | D:10     | Entered Level 10 of the Dungeon
 12030 | D:10     | Found a staircase to the Lair.
 12038 | D:10     | Identified a scroll of acquirement
 12076 | D:10     | Reached ***** piety under Trog
 12665 | D:11     | Found a frozen archway.
 12674 | D:11     | Noticed an ice dragon
 12694 | D:11     | Reached skill level 10 in Fighting
 12696 | D:11     | Noticed a boulder beetle
 12710 | D:11     | Killed a boulder beetle
 12711 | D:11     | Reached skill level 14 in Axes
 12719 | D:11     | Killed an ice dragon
 12797 | IceCv    | Entered an ice cave
 12962 | IceCv    | Noticed a white ugly thing
 12970 | IceCv    | Killed a white ugly thing
 13165 | IceCv    | Lost mutation: Your body sometimes deteriorates upon taking
                  | damage. [potion of mutation]
 13165 | IceCv    | Lost mutation: Potions are less effective at restoring your
                  | health. [potion of mutation]
 13165 | IceCv    | Lost mutation: You are resistant to electric shocks.
                  | (rElec) [potion of mutation]
 13165 | IceCv    | Gained mutation: You do not regenerate when monsters are
                  | visible. [potion of mutation]
 13165 | IceCv    | Gained mutation: You have sharp toenails. [potion of
                  | mutation]
 13165 | IceCv    | Gained mutation: You are partially covered in large bone
                  | plates. (SH +4) [potion of mutation]
 13375 | D:9      | Bought a potion of mutation for 104 gold pieces
 13375 | D:9      | Lost mutation: You do not regenerate when monsters are
                  | visible. [potion of mutation]
 13375 | D:9      | Lost mutation: You are partially covered in large bone
                  | plates. (SH +4) [potion of mutation]
 13375 | D:9      | Gained mutation: You sometimes lose the ability to read
                  | scrolls when taking damage. [potion of mutation]
 13426 | D:11     | Noticed a cyan ugly thing
 13443 | D:11     | HP: 7/151 [cyan ugly thing (17)]
 13445 | D:11     | Killed a cyan ugly thing
 13610 | D:11     | Reached XP level 12. HP: 108/108 MP: 11/11
 13673 | D:11     | Reached skill level 15 in Axes
 13687 | D:11     | Reached skill level 5 in Dodging
 13725 | D:11     | Noticed a two-headed ogre
 13740 | D:11     | Killed a two-headed ogre
 14105 | D:12     | Found a staircase to the Orcish Mines.
 14304 | D:12     | Received a gift from Trog
 14652 | D:8      | Bought a transparent plate armour for 588 gold pieces
 14652 | D:8      | Identified the +0 plate armour "Zuemeseall" {*Corrode
                  | +Blink rC+ Will+} (You bought it in a shop on level 8 of
                  | the Dungeon)
 14763 | D:12     | Annihilated by a titanic slime creature

Illustrated notes

Levels and vault maps discovered:
D:1:      denvon_arrival_waterhouse, layout_rooms
D:2:      layout_basic, hellmonk_ecumenical_altar_defaced_shrine,
          hangedman_decor_points
D:3:      layout_rooms, grunt_dithmenos_smoke, minmay_diced_spiral,
          uniq_crazy_yiuf_cottage
D:4:      layout_cave_pods, minmay_temple_entry_ruins, uniq_ijyb, uniq_duvessa
D:5:      layout_gridville, serial_shops, shop, gammafunk_ghost_stat_death
D:6:      layout_basic, serial_shops, shop, uniq_grinder
D:7:      layout_loops_corners, serial_aquarium, aquarium_bridge_straight
          [aquarium_subvault_bridge, aquarium_subvault_balcony,
          aquarium_subvault_bridge, aquarium_subvault_window],
          aquarium_bridge_straight [aquarium_subvault_bridge,
          aquarium_subvault_wall, aquarium_subvault_bridge,
          aquarium_subvault_wall], aquarium_window_3, aquarium_window_double,
          aquarium_view_2c, uniq_menkaure
D:8:      layout_rooms, serial_shops, shop, minivault_19, hex_intersection
D:9:      layout_roguey [special_room_bee], serial_shops, nicolae_stop_n_shop_2,
          kennysheep_pointless_box
D:10:     layout_basic, due_lair_maze_entry_diamond
D:11:     layout_cave_pools, portal_ice_cave_entry_animals_and_master
D:12:     layout_loops_cross, zombieorc2_lemuel

Skill      XL: |  1  2  3  4  5  6  7  8  9 10 11 12 |
---------------+-------------------------------------+-----
Fighting       | 4 5 6 7 8 9 10 11 | 11.3
Axes           | 4 5 6 8 9 11 13 14 15 | 15.4
Dodging        | 3 4 5 |  5.1
Stealth        | 1 2 |  2.2
Armour         | 3 5 7 8 10 11 | 11.5
Shields        | 2 5 7 9 |  9.5
Evocations     | |  0.1

Action                   |  1- 3 |  4- 6 |  7- 9 | 10-12 || total
-------------------------+-------+-------+-------+-------++-------
Melee: Hand axe          |    51 |    95 |       |       ||   146
       Headbutt          |     8 |    22 |    47 |   116 ||   193
       Punch             |     1 |     3 |       |       ||     4
       War axe           |       |    25 |   302 |   455 ||   782
Invok: Berserk           |     1 |     3 |     2 |    11 ||    17
       Trog's Hand       |       |       |     2 |       ||     2
Evoke: Wand              |       |       |     2 |       ||     2
  Use: Scroll            |       |       |    12 |     9 ||    21
       Potion            |       |       |     8 |     2 ||    10
 Stab: Sleeping          |       |     1 |       |       ||     1
Armor: Animal skin       |    12 |     5 |       |       ||    17
       Plate armour      |       |    34 |   221 |   164 ||   419
       Ring mail         |       |     2 |       |       ||     2
       Ice dragon scales |       |       |       |    73 ||    73
Dodge: Dodged            |    38 |    52 |    91 |   158 ||   339
       Repelled          |       |       |     2 |     2 ||     4
Block: Kite shield       |       |       |   117 |   246 ||   363
